AoeStats
← Pwncakes

Nomad

509133836Analyzed
2v2 RM · 7d ago on Sep 25, 2026· 56m 46s· 4 players
Game mode
Random Map
Map size
176×176
Population
200
Speed
Normal
Resources
Standard
Victory
Conquest
Starting age
Dark Age
Ending age
Imperial Age
RankedLock teamsTeams togetherTeam positionsShared explorationLock speedFull tech treeHidden civsTurbo modeCheats
Victory
Defeat
🇩🇪 Byzantines · Germany
1499
+12
🇺🇸 Danes · United States
1459
+14
🇨🇳 Khitans · China
1547
-18
🇨🇳 Japanese · China
1282
-8
AmyLasE-
4:32 Loom
11:57 Feudal Age
12:31 Double-Bit Axe
14:31 Fishing Lines
15:25 Horse Collar
17:01 Horse Collar
18:05 Wheelbarrow
17:36 Scale Mail Armor
20:08 Forging
23:43 Castle Age
22:26 Fletching
22:36 Padded Archer Armor
23:51 Padded Archer Armor
24:00 Elite Skirmisher
24:53 Bow Saw
24:47 Bodkin Arrow
26:47 Gillnets
27:32 Ballistics
28:01 Leather Archer Armor
30:27 Pikeman
32:12 Squires
34:56 Heavy Plow
41:00 Imperial Age
38:45 Hand Cart
42:32 Crop Rotation
42:17 Bracer
43:30 Chemistry
43:17 Conscription
43:09 Gold Mining
43:10 Stone Mining
44:44 Ring Archer Armor
44:20 Scale Barding Armor
44:30 Chain Mail Armor
46:01 Logistica
45:55 Greek Fire
45:46 Treadmill Crane
46:31 Halberdier
47:28 Murder Holes
49:54 Elite Cataphract
51:50 Two-Man Saw
52:28 Plate Mail Armor
52:33 Iron Casting
54:32 Hoardings
55:00 Chain Barding Armor
56:17 Arson
Pwncakes
5:21 Loom
14:03 Feudal Age
14:48 Double-Bit Axe
17:14 Gold Mining
20:51 Castle Age
19:08 Scale Mail Armor
19:12 Fishing Lines
20:05 Forging
20:09 Man-at-Arms
21:02 Fletching
22:24 Caravan
22:39 Bow Saw
22:16 Long Swordsman
22:41 Gambesons
23:01 Squires
23:18 Chain Mail Armor
23:38 Iron Casting
23:18 Chain Mail Armor
23:38 Iron Casting
22:38 Pikeman
29:20 Long Swordsman
31:06 Stone Mining
31:54 Gold Shaft Mining
31:26 Gillnets
32:06 Fletching
33:41 Wheelbarrow
33:05 Arson
35:30 Iron Casting
36:35 Bodkin Arrow
37:38 Guard Tower
41:35 Imperial Age
39:48 Murder Holes
43:03 Clinker Construction
43:04 Careening
43:18 Ballistics
42:49 Horse Collar
43:38 Masonry
44:52 Plate Mail Armor
45:19 Bracer
44:46 Onager
46:11 Hand Cart
46:11 Elite Varangian Guard
48:07 Two-Handed Swordsman
49:48 Blast Furnace
48:34 Arson
49:16 Conscription
48:21 Hamask
50:35 Champion
51:07 Capped Ram
52:01 Siege Ram
54:25 Elite Jomsviking
她说我闷骚
10:40 Loom
12:34 Feudal Age
15:06 Double-Bit Axe
17:34 Castle Age
15:57 Forging
17:54 Light Cavalry
19:12 Iron Casting
20:06 Fletching
20:44 Husbandry
23:21 Town Watch
24:39 Bow Saw
25:53 Padded Archer Armor
25:55 Bodkin Arrow
27:33 Padded Archer Armor
32:53 Domestication
41:16 Imperial Age
40:25 Wheelbarrow
39:50 Town Patrol
41:18 Town Patrol
41:29 Pastoralism
42:11 Ballistics
43:16 Heavy Camel Rider
46:10 Scale Barding Armor
48:15 Chain Barding Armor
49:29 Conscription
51:46 Chemistry
51:30 Plate Barding Armor
50:57 Murder Holes
52:05 Chemistry
55:46 Elite Steppe Lancer
吞风吻雨
4:41 Loom
13:22 Feudal Age
17:59 Castle Age
16:32 Fletching
18:03 Double-Bit Axe
20:04 Bow Saw
23:10 Ballistics
24:03 Bodkin Arrow
24:43 Padded Archer Armor
25:26 Horse Collar
31:56 Husbandry
32:51 Guard Tower
34:59 Leather Archer Armor
34:55 Bloodlines
36:04 Wheelbarrow
41:19 Imperial Age
39:05 Hand Cart
40:20 Yasama
40:53 Town Watch
41:01 Gold Mining
41:02 Pikeman
41:43 Squires
41:44 Scale Mail Armor
41:55 Forging
42:03 Bracer
42:11 Arson
43:32 Chain Mail Armor
44:55 Keep
48:54 Plate Mail Armor
51:48 Conscription
52:30 Halberdier
56:44 Iron Casting
Connection lost

Rejoining the realm…

Still unreachable

The connection could not be restored.

Session expired

The server has moved on; the page needs a fresh start.